 Dungeon Crawl Stone Soup version 0.20.0-15-g7f486f2 (webtiles) character file.

57 KleinerIrrer the Poker (level 4, 0/34 HPs)
             Began as a Merfolk Skald on June 27, 2017.
             Succumbed to an adder's poison
             ... on level 2 of the Dungeon.
             The game lasted 00:03:07 (1223 turns).

KleinerIrrer the Poker (Merfolk Skald)              Turns: 1223, Time: 00:03:07

Health: 0/34       AC:  4    Str: 11    XL:     4   Next: 0%
Magic:  7/7        EV: 13    Int: 12    God:
Gold:   62         SH:  0    Dex: 14    Spells: 6/7 levels left

rFire    . . .     SeeInvis .   a - +0 spear
rCold    . . .     Gourm    .   (no shield)
rNeg     . . .     Faith    .   b - +1 leather armour
rPois    .         Spirit   .   (no helmet)
rElec    .         Reflect  .   (no cloak)
rCorr    .         Harm     .   (no gloves)
MR       .....                  (no boots)
Stlth    +.........             (no amulet)
Regen    0.2/turn               (no ring)
MPRegen  0.1/turn               (no ring)

@: lethally poisoned (0 -> -2)
A: change form in water, swift swim, stealthy swim
a: no special abilities


You were on level 2 of the Dungeon.
You were not hungry.

You visited 1 branch of the dungeon, and saw 2 of its levels.

You collected 62 gold pieces.

Inventory:

Hand Weapons
 a - a +0 spear (weapon)
Armour
 b - a +1 leather armour (worn)
Books
 c - a book of Battle

   Spells                             Type                      Level
   a - Infusion                       Charms                       1
   b - Shroud of Golubria             Charms/Translocation         2
   c - Song of Slaying                Charms                       2
   d - Spectral Weapon                Hexes/Charms                 3
   e - Regeneration                   Charms/Necromancy            3
Comestibles
 d - a bread ration
 h - a meat ration


   Skills:
 + Level 2.7 Fighting
 + Level 4.1 Polearms
 + Level 1.0 Armour
 + Level 3.1 Dodging
 + Level 2.1 Spellcasting
 + Level 3.8 Charms


You had 6 spell levels left.
You knew the following spells:

 Your Spells              Type           Power        Failure   Level  Hunger
a - Infusion              Chrm           ##..         8%          1    ##.....


Dungeon Overview and Level Annotations

Branches:
Dungeon (2/15)

Altars:
Yredelemnul


Message History

You aren't carrying any potions.
As you read the scroll labeled VIBLAH WIHEH, it crumbles to dust.
It is a scroll of enchant armour.
Your +0 leather armour glows green for a moment.
The frilled lizard misses you.
As you read the scroll labeled AJOSULI SURITH, it crumbles to dust.
You hear a loud clanging noise!
It was a scroll of noise.
You hear an angry hiss.
The frilled lizard misses you.
You closely miss the frilled lizard.
* * * LOW HITPOINT WARNING * * *
You feel sick.
The frilled lizard bites you but does no damage.
You hit the frilled lizard but do no damage.
The frilled lizard barely misses you.
You closely miss the frilled lizard.
The frilled lizard bites you but does no damage.
You hit the frilled lizard but do no damage.
You die...

#.# #.# #)# #.### ....#
....# #################
....# #................
....# ###...#...#...#...
....###.........@.......
#....##.#...#...#l..#...
........................
.....###################
....## ..... ....# ....#
###.


You could see a frilled lizard.

Vanquished Creatures
  An adder (D:2)
  An ooze (D:2)
  2 dart slugs (D:1)
  2 leopard geckos
  A ball python (D:1)
  2 bats (D:1)
  4 hobgoblins (D:1)
  5 jackals (D:1)
  3 kobolds (D:1)
  4 frilled lizards (D:1)
  5 goblins
  5 rats (D:1)
35 creatures vanquished.

Notes
Turn   | Place    | Note
-------+----------+-------------------------------------------
     0 | D:1      | KleinerIrrer the Merfolk Skald began the quest for the Orb.
     0 | D:1      | Reached XP level 1. HP: 16/16 MP: 3/3
   184 | D:1      | Reached XP level 2. HP: 15/22 MP: 5/5
   514 | D:1      | Reached XP level 3. HP: 22/28 MP: 0/6
  1086 | D:2      | Found a basalt altar of Yredelemnul.
  1090 | D:2      | Reached skill level 4 in Polearms
  1217 | D:2      | Reached skill level 1 in Armour
  1217 | D:2      | Reached XP level 4. HP: 3/34 MP: 7/7
  1220 | D:2      | HP: 1/34 [poisoned by an adder]
  1223 | D:2      | Succumbed to an adder's poison

Skill      XL: |  1  2  3 |
---------------+----------+-----
Dodging        | 3 |  3.1
Polearms       | 4 |  4.1
Armour         | 1 |  1.0
Fighting       | |  2.7
Spellcasting   | |  2.1
Charms         | |  3.8

Action                   |  1- 3 |  4- 6 || total
-------------------------+-------+-------++-------
Melee: Spear             |   110 |     4 ||   114
 Cast: Infusion          |     2 |       ||     2
  Use: Scroll            |       |     2 ||     2
 Stab: Sleeping          |     1 |       ||     1
  Eat: Chunk             |     1 |       ||     1
Armor: Leather armour    |    19 |     2 ||    21
Dodge: Dodged            |    64 |     4 ||    68
